 Dungeon Crawl Stone Soup version 0.31.0-4-g52a2dc7128 (webtiles) character file.

Game seed: 2674413423061827180

40350 groovy9 the Thaumaturge (level 14, -9/105 HPs)
             Began as a Djinni Earth Elementalist on Jan 21, 2024.
             Was an Elder of Makhleb.
             Mangled by a troll (10 damage)
             ... while paralysed by an orc sorcerer
             ... on level 1 of the Orcish Mines.
             The game lasted 01:04:47 (12642 turns).

groovy9 the Thaumaturge (DjEE)                     Turns: 12642, Time: 01:04:47

Health: -9/105     AC: -4    Str:  7    XL:     14   Next: 44%
Gold:   884        EV:  2    Int: 22    God:    Makhleb [****..] SH:  0 Dex: 14

rFire   + + .        w - staff of earth
rCold   x . .        L - +0 buckler
rNeg    + . .        D - +0 troll leather armour
rPois   ∞            s - +0 helmet
rElec   .            k - +0 cloak
rCorr   +            C - +2 pair of gloves
SInv    .            (boots unavailable)
Will    +....        K - amulet of reflection
Stlth   +++          B - ring of positive energy
HPRegen 1.17/turn    E - ring of resist corrosion
MPRegen 0.00/turn

%: reflection, infuse magic (-10 HP)
@: paralysed, corroded, flying
A: sickness immunity, fire resistance 2, cold vulnerability 1, float, innate
caster, HP casting, extra vitality 1
a: Renounce Religion, Minor Destruction, Lesser Servant of Makhleb, Major
Destruction


You were on level 1 of the Orcish Mines.
You worshipped Makhleb.
Makhleb was greatly pleased with you.
You visited 4 branches of the dungeon, and saw 17 of its levels.
You also visited: Bailey.

You collected 961 gold pieces.
You spent 77 gold pieces at shops.

Inventory:

Armour
 k - a +0 cloak (worn)
 s - a +0 helmet (worn)
 A - a +2 ring mail of fire resistance
 C - a +2 pair of gloves (worn)
 D - a +0 troll leather armour (worn)
 L - a +0 buckler (worn)
Magical Staves
 w - a staff of earth (weapon)
Jewellery
 p - a +4 ring of slaying
 z - a ring of protection from fire
 B - a ring of positive energy (left hand)
 E - a ring of resist corrosion (right hand)
 K - an amulet of reflection (around neck)
 O - a ring of ice
Wands
 a - a wand of charming (11)
 g - a wand of flame (16)
 x - a wand of roots (17)
 I - a wand of quicksilver (5)
Scrolls
 c - 2 scrolls of silence {unknown}
 e - 4 scrolls of teleportation
 h - 3 scrolls of vulnerability
 i - 2 scrolls of fog {unknown}
 j - a scroll of blinking
 u - a scroll of enchant weapon
 y - 3 scrolls of noise
 F - a scroll of poison
 H - a scroll of immolation
 J - a scroll of revelation {unknown}
 M - a scroll of identify
Potions
 b - 5 potions of berserk rage
 d - 3 potions of enlightenment
 f - a potion of ambrosia
 l - a potion of invisibility
 m - 4 potions of mutation
 n - 4 potions of attraction
 o - 4 potions of brilliance
 q - 2 potions of degeneration {unknown}
 r - 3 potions of heal wounds {unknown}
 t - 2 potions of cancellation
 v - 4 potions of curing {unknown}
 G - a potion of might {unknown}
 N - a potion of magic {unknown}


   Skills:
 + Level 11.1 Fighting
 + Level 6.0 Dodging
 + Level 4.9 Stealth
 + Level 3.9 Shields
 * Level 12.7 Spellcasting
 * Level 12.7 Conjurations
 * Level 12.7 Hexes
   Level 0.0 Charms
 * Level 12.7 Summonings
 * Level 12.7 Necromancy
 * Level 12.7 Translocations
   Level 0.0 Transmutations
 * Level 12.7 Fire Magic
 * Level 12.7 Ice Magic
 * Level 12.7 Air Magic
 * Level 12.7 Earth Magic
 * Level 12.7 Alchemy
 + Level 12.5 Invocations


You knew the following spells:

 Your Spells              Type           Power      Damage    Failure   Level
a - Sandblast             Erth           100%       2d20      1%          1
b - Passwall              Erth           81%        N/A       1%          3
c - Stone Arrow           Conj/Erth      100%       3d13      1%          3
d - Petrify               Alch/Erth      81%        N/A       1%          4
e - Brom's Barrelling Bo  Conj/Erth      81%        2d9       1%          4
f - Summon Small Mammal   Summ           100%       N/A       1%          1
g - Momentum Strike       Conj/Tloc      100%       3d10      1%          2
h - Summon Ice Beast      Ice/Summ       63%        N/A       1%          3
i - Fugue of the Fallen   Necr           63%        N/A       1%          3
j - Yara's Violent Unrav  Hex/Alch       31%        3d13      1%          5
k - Summon Forest         Summ/Tloc      31%        N/A       1%          5
Your spell library was empty.

Dungeon Overview and Level Annotations

Branches:
Dungeon (10/15)            Temple (1/1) D:6            Lair (5/5) D:9
 Shoals (0/4) Lair:3       Spider (0/4) Lair:3          Orc (1/2) D:10
 Bailey (visited)
  Slime: Lair:4-5

Altars:
Ashenzari
Cheibriados
Dithmenos
Elyvilon
Fedhas
Gozag
Hepliaklqana
Makhleb
Nemelex Xobeh
Okawaru
Qazlal
Ru
Trog
Uskayaw
Wu Jian
Xom
Yredelemnul
Zin
The Shining One

Shops:
D:4 ?   D:10 [

Annotations:
D:6 3 runed translucent doors, MysticSailboat's ghost, novice DrAE; MysticSailboat's ghost, novice TrFi
D:7 2 transporters, SlowGraham's ghost, novice MfBr
D:8 3 runed translucent doors, DaftaChap's ghost, novice MiFi
D:10 exclusion: obsidian statue
Lair:5 2 runed translucent doors


Innate Abilities, Weirdness & Mutations

You are immune to sickness and miasma.
You are immune to poison.
Your flesh is very heat resistant. (rF++)
You are vulnerable to cold. (rC-)
You float through the air rather than walking.
You learn spells naturally, not from books.
Your magical power is your life essence.
You have superior vitality. (+4 MHP)


Message History

Aim: an orc sorcerer, wielding a +0 dagger and wearing a +0 robe (72% to hit)
You feel a surge of power!
The stone arrow misses the orc sorcerer.
You block the rust devil's attack. You block the troll's attack.
The troll claws you! The troll barely misses you.
Casting: Stone Arrow (safe; 1% risk of failure)
Confirm with . or Enter, or press ? or * to list all spells.
Aiming: Stone Arrow (safe; 1% risk of failure)
Press: ? - help, Shift-Dir - straight line, p - orc sorcerer Out of range.
Okay, then.
Casting: Stone Arrow (safe; 1% risk of failure)
Confirm with . or Enter, or press ? or * to list all spells.
Aiming: Stone Arrow (safe; 1% risk of failure)
Press: ? - help, Shift-Dir - straight line, f/p - orc sorcerer
Aim: an orc sorcerer, wielding a +0 dagger and wearing a +0 robe (72% to hit)
You feel a surge of power!
The stone arrow hits the orc sorcerer!!
The orc sorcerer is almost dead.
The orc sorcerer casts a spell at you.
You suddenly lose the ability to move!
The rust devil hits you. The rust devil corrodes you! The troll bites you!
The troll barely misses you. The troll claws you. The rust devil hits you.
The troll bites you! The troll claws you. The troll claws you!
The orc sorcerer hits you with a +0 dagger.
* * * LOW HITPOINT WARNING * * *
The rust devil hits you. The rust devil corrodes you! The troll bites you!
* * * LOW HITPOINT WARNING * * *
The troll claws you.
* * * LOW HITPOINT WARNING * * *
The troll claws you!
* * * LOW HITPOINT WARNING * * *
The orc sorcerer casts a spell at you.
You easily resist.
The rust devil hits you.
* * * LOW HITPOINT WARNING * * *
The rust devil corrodes you!
An orc comes into view. It is wielding a +0 mace.
The troll completely misses you. The troll barely misses you.
The troll claws you!
You die...

........ ..
#...... ...
#..... ..$.
##..[.
....##.4..
........o
#......)#
#.....o##
#.....@.#
#.....4T..#
#....#.$.....
....###......$#
.... #..$..###
... #......# ..
#........
.........


You could see a rust devil (summoned), a troll, an orc sorcerer, a red devil
(summoned) and an orc.

Vanquished Creatures
  Nessos (Lair:4)
  Josephine (D:10)
  3 hydras
  A boulder beetle (Lair:2)
  A death yak (D:9)
  3 two-headed ogres (D:10)
  A skyshark (Lair:4)
  A lindwurm (Lair:5)
  Pikel (D:6)
  An orc sorcerer (D:10)
  7 elephants
  A merfolk siren (Lair:3)
  3 black mambas
  2 torpor snails
  2 molten gargoyles (Lair:5)
  11 cane toads
  8 komodo dragons
  2 trolls (D:9)
  3 merfolk (Lair:3)
  Prince Ribbit (D:7)
  3 blink frogs (Lair:3)
  A dream sheep (Lair:5)
  3 wraiths (D:10)
  29 yaks
  4 basilisks
  4 wyverns
  A warg (D:10)
  A steam dragon (D:9)
  12 water moccasins
  Edmund (D:5)
  11 orc warriors
  A sky beast (D:7)
  A black bear (D:5)
  An ogre (D:7)
  5 wolves (Lair:1)
  12 centaurs
  4 lemures (D:6)
  4 kobold brigands
  2 phantoms
  8 bullfrogs
  A gnoll sergeant (D:8)
  2 scorpions (D:5)
  4 wights
  4 killer bees (D:9)
  A howler monkey (D:6)
  4 lava snakes (Lair:5)
  A jelly (D:6)
  A bombardier beetle (D:5)
  3 hounds
  2 orc priests (D:6)
  Crazy Yiuf (D:2)
  4 iguanas
  9 orc wizards
  4 gnolls
  12 adders
  2 shadow imps
  A white imp (D:6)
  6 ufetubi
  2 dart slugs
  4 ribbon worms (D:2)
  53 orcs
  3 bats
  7 endoplasms
  3 giant cockroaches
  7 goblins
  2 hobgoblins
  6 jackals (D:1)
  4 quokkas
  7 ball pythons
  2 frilled lizards
  17 kobolds
  4 rats
345 creatures vanquished.

Vanquished Creatures (collateral kills)
  Fannar (Lair:3)
  A hydra (Lair:3)
  The ghost of octoduck the Geomancer, a journeyman GrEE of Vehumet (Lair:2)
  A komodo dragon (Lair:3)
  3 blink frogs (Lair:3)
  A wyvern (Lair:3)
  4 yaks (Lair:3)
  2 black bears
  2 bullfrogs (Lair:3)
  An orc (D:6)
  2 boulders
19 creatures vanquished.

Vanquished Creatures (others)
  3 boulders
3 creatures vanquished.

Grand Total: 367 creatures vanquished

Notes
Turn   | Place    | Note
-------+----------+-------------------------------------------
     0 | D:1      | groovy9 the Djinni Earth Elementalist began the quest for
                  | the Orb.
     0 | D:1      | groovy9 set off with the following spells memorised:
                  | Sandblast, Passwall, Stone Arrow, Petrify, Brom's
                  | Barrelling Boulder.
     0 | D:1      | Reached XP level 1. HP: 15/15 MP: 0/0
    90 | D:1      | Found a faded altar of an unknown god.
   155 | D:1      | Reached XP level 2. HP: 21/22 MP: 0/0
   346 | D:1      | Reached skill level 1 in Fighting
   387 | D:1      | Reached XP level 3. HP: 21/27 MP: 0/0
   387 | D:1      | Learned a level 1 spell: Summon Small Mammal
  1054 | D:2      | Reached XP level 4. HP: 28/32 MP: 0/0
  1265 | D:2      | Reached XP level 5. HP: 34/38 MP: 0/0
  1265 | D:2      | Learned a level 2 spell: Momentum Strike
  1344 | D:2      | Found a runed translucent door.
  1345 | D:2      | Noticed Crazy Yiuf
  1352 | D:2      | Killed Crazy Yiuf
  2742 | D:4      | Found Widur's Magic Scroll Emporium.
  2749 | D:4      | Bought 2 scrolls of identify for 44 gold pieces
  2749 | D:4      | Bought a scroll of noise for 11 gold pieces
  2749 | D:4      | Bought a scroll of identify for 22 gold pieces
  2909 | D:5      | Entered Level 5 of the Dungeon
  2925 | D:5      | Reached XP level 6. HP: 40/46 MP: 0/0
  2986 | D:5      | Found a sparkling altar of Nemelex Xobeh.
  3025 | D:5      | Reached skill level 5 in Spellcasting
  3025 | D:5      | Reached skill level 5 in Conjurations
  3025 | D:5      | Reached skill level 5 in Hexes
  3025 | D:5      | Reached skill level 5 in Summonings
  3025 | D:5      | Reached skill level 5 in Necromancy
  3025 | D:5      | Reached skill level 5 in Translocations
  3025 | D:5      | Reached skill level 5 in Fire Magic
  3025 | D:5      | Reached skill level 5 in Ice Magic
  3025 | D:5      | Reached skill level 5 in Air Magic
  3025 | D:5      | Reached skill level 5 in Earth Magic
  3025 | D:5      | Reached skill level 5 in Alchemy
  3133 | D:5      | Reached XP level 7. HP: 41/50 MP: 0/0
  3133 | D:5      | Learned a level 3 spell: Summon Ice Beast
  3673 | D:5      | Noticed Edmund
  3679 | D:5      | Killed Edmund
  3680 | D:5      | Reached XP level 8. HP: 45/58 MP: 0/0
  3921 | D:6      | Found a staircase to the Ecumenical Temple.
  3921 | D:6      | Noticed Pikel
  3999 | D:6      | Killed Pikel
  4000 | D:6      | Reached skill level 5 in Fighting
  4003 | D:6      | Reached XP level 9. HP: 45/66 MP: 0/0
  4003 | D:6      | Learned a level 3 spell: Fugue of the Fallen
  4332 | Temple   | Entered the Ecumenical Temple
  4796 | D:6      | Found a runed translucent gate.
  4796 | D:6      | Found a runed translucent gate.
  4796 | D:6      | Found a runed translucent gate.
  4797 | D:6      | Noticed MysticSailboat's ghost (novice TrFi)
  4797 | D:6      | Noticed MysticSailboat's ghost (novice DrAE)
  4912 | D:7      | Noticed Prince Ribbit
  4917 | D:7      | Killed Prince Ribbit
  5122 | D:7      | Noticed a hornet
  5195 | D:7      | Noticed SlowGraham's ghost (novice MfBr)
  5415 | D:7      | Found a transporter.
  5420 | D:7      | Found a transporter.
  5582 | D:7      | Found a bloodstained altar of Trog.
  5582 | D:7      | Found a hazy altar of Hepliaklqana.
  5582 | D:7      | Found a glowing golden altar of the Shining One.
  5583 | D:7      | Found a burning altar of Makhleb.
  5590 | D:7      | Became a worshipper of Makhleb the Destroyer
  5805 | D:8      | Noticed DaftaChap's ghost (novice MiFi)
  5805 | D:8      | Found a runed translucent gate.
  5805 | D:8      | Found a runed translucent gate.
  5805 | D:8      | Found a runed translucent gate.
  5806 | D:8      | Noticed a spectral unseen horror
  6094 | D:8      | Found a flagged portal.
  6108 | D:8      | Reached XP level 10. HP: 57/75 MP: 0/0
  6167 | Bailey   | Entered a bailey
  6181 | Bailey   | Reached * piety under Makhleb
  6965 | Bailey   | Reached skill level 10 in Spellcasting
  6965 | Bailey   | Reached skill level 10 in Conjurations
  6965 | Bailey   | Reached skill level 10 in Hexes
  6965 | Bailey   | Reached skill level 10 in Summonings
  6965 | Bailey   | Reached skill level 10 in Necromancy
  6965 | Bailey   | Reached skill level 10 in Translocations
  6965 | Bailey   | Reached skill level 10 in Fire Magic
  6965 | Bailey   | Reached skill level 10 in Ice Magic
  6965 | Bailey   | Reached skill level 10 in Air Magic
  6965 | Bailey   | Reached skill level 10 in Earth Magic
  6965 | Bailey   | Reached skill level 10 in Alchemy
  6973 | Bailey   | Reached skill level 1 in Invocations
  7202 | Bailey   | Reached skill level 10 in Invocations
  7202 | Bailey   | Reached XP level 11. HP: 76/81 MP: 0/0
  7202 | Bailey   | Learned a level 5 spell: Yara's Violent Unravelling
  7357 | D:8      | Identified the +0 leather armour of the Moneychanger {rPois
                  | Will+ rCorr Dex-4}
  7454 | D:8      | You are sucked into a shaft and drop 2 floors!
  7454 | D:10     | Entered Level 10 of the Dungeon
  7457 | D:10     | Found Saijia's Armour Emporium.
  7602 | D:9      | Found an iron altar of Okawaru.
  7602 | D:9      | Found a shimmering altar of Xom.
  7624 | D:9      | Reached ** piety under Makhleb
  7769 | D:9      | Found a staircase to the Lair.
  7769 | D:9      | Noticed an elephant
  7790 | D:9      | Killed an elephant
  8450 | D:10     | Noticed an obsidian statue
  8486 | D:10     | Found a broken altar of Ashenzari.
  8487 | D:10     | Noticed a two-headed ogre
  8496 | D:10     | Killed a two-headed ogre
  8497 | D:10     | Reached XP level 12. HP: 86/88 MP: 0/0
  8507 | D:10     | Noticed a two-headed ogre
  8511 | D:10     | Killed a two-headed ogre
  8574 | D:10     | Noticed a two-headed ogre
  8588 | D:10     | Killed a two-headed ogre
  8602 | D:10     | Found a basalt altar of Yredelemnul.
  8615 | D:10     | Noticed Josephine
  8620 | D:10     | Killed Josephine
  8692 | D:10     | Found a white marble altar of Elyvilon.
  8796 | D:10     | Found a staircase to the Orcish Mines.
  8992 | Lair:1   | Entered Level 1 of the Lair of Beasts
  8996 | Lair:1   | Noticed a death yak
  9017 | D:9      | Killed a death yak
  9473 | Lair:1   | Reached *** piety under Makhleb
  9642 | Lair:1   | Reached XP level 13. HP: 73/96 MP: 0/0
  9642 | Lair:1   | Learned a level 5 spell: Summon Forest
 10015 | Lair:2   | Noticed a seven-headed hydra
 10023 | Lair:2   | Killed a seven-headed hydra
 10024 | Lair:2   | Reached skill level 10 in Fighting
 10163 | Lair:2   | Found a runed translucent gate.
 10163 | Lair:2   | Found a runed translucent gate.
 10163 | Lair:2   | Found a runed translucent gate.
 10553 | Lair:2   | Noticed octoduck's ghost (journeyman GrEE)
 10807 | Lair:2   | Killed octoduck's ghost
 11045 | Lair:3   | Found a staircase to the Shoals.
 11057 | Lair:3   | You are sucked into a shaft and drop 2 floors!
 11057 | Lair:5   | Entered Level 5 of the Lair of Beasts
 11057 | Lair:5   | Noticed an eight-headed hydra
 11061 | Lair:5   | Killed an eight-headed hydra
 11155 | Lair:5   | Reached skill level 1 in Shields
 11302 | Lair:5   | Found a large runed translucent door.
 11302 | Lair:5   | Found a large runed translucent door.
 11304 | Lair:5   | Noticed a fire dragon
 11508 | Lair:4   | Reached **** piety under Makhleb
 11617 | Lair:4   | Noticed Nessos
 11631 | Lair:4   | Killed Nessos
 11724 | Lair:3   | Reached skill level 5 in Dodging
 11725 | Lair:3   | Reached XP level 14. HP: 74/103 MP: 0/0
 12111 | Lair:3   | Noticed Fannar
 12119 | Lair:3   | Killed Fannar
 12167 | Lair:3   | Found a hole to the Spider Nest.
 12522 | Orc:1    | Entered Level 1 of the Orcish Mines
 12639 | Orc:1    | Paralysed by an orc sorcerer for 4 turns
 12641 | Orc:1    | HP: 3/105 [troll (9)]
 12642 | Orc:1    | HP: 1/105 [rust devil[an orc sorcerer] (3)]
 12642 | Orc:1    | Mangled by a troll

Illustrated notes

Levels and vault maps discovered:
D:1:      psy_arrival_heroes, layout_basic, hellmonk_ecumenical_altar_zigzags,
          minmay_pentomino_w4
D:2:      layout_rooms, minmay_misc_feat_rows, bh_walls_and_bars,
          uniq_crazy_yiuf_cottage
D:3:      layout_basic, palyth_stone_intersect, corexii_item_surrounded_by_moat
D:4:      layout_loops_cross, serial_shops, shop
D:5:      layout_basic, nemelex_xobeh_ov_fountains_minmay, uniq_edmund
D:6:      layout_gridville, minmay_temple_entry_waves, gammafunk_ghost_cemetery,
          grunt_tough_drop, uniq_pikel
D:7:      layout_cave_pools, minitemple, gammafunk_ghost_hive,
          uniq_prince_ribbit1
D:8:      minmay_inner_zag, layout_basic, enter_bailey_5,
          gammafunk_ghost_necromancy, hangedman_abyss_or_decor_stabs
D:9:      layout_cave_pods, nicolae_overflow_two_pavilions, david_lair_generic
D:10:     layout_rooms, mainiacjoe_overflow_tiny_flanked,
          mainiacjoe_overflow_paths, evilmike_ruin_ashenzari,
          trove_entry_hex_spiral, serial_shops, nicolae_lakefront_shop,
          minmay_statue_bubble, uniq_psyche, uniq_josephine
Temple:   jpeg_temple_clearing
Lair:1:   layout_hall_layers, grunt_megastairs_4, serial_bayou_shore_a
Lair:2:   wander_river, layout_loops_ring, ebering_ghost_rock_garden,
          nzn_sisyphean_effort
Lair:3:   layout_big_grid, elwin_shoals_entry_stream, dummy_spider_entry,
          uniq_fannar
Lair:4:   layout_roguey, uniq_nessos
Lair:5:   cheibrodos_lair_end_hotspot, layout_regular_city,
          minmay_slime_entry_oklob_enclosed, enter_volcano_4, lemuel_fruit_tree
Orc:1:    layout_diamond_mine, basic_altar, einodemon_barbed_minivault

Skill      XL: |  1  2  3  4  5  6  7  8  9 10 11 12 13 14 |
---------------+-------------------------------------------+-----
Fighting       | 1 2 3 4 5 7 8 9 10 11 | 11.1
Spellcasting   | 4 5 6 7 9 10 11 12 | 12.7
Conjurations   | 4 5 6 7 9 10 11 12 | 12.7
Hexes          | 4 5 6 7 9 10 11 12 | 12.7
Summonings     | 4 5 6 7 9 10 11 12 | 12.7
Necromancy     | 4 5 6 7 9 10 11 12 | 12.7
Translocations | 4 5 6 7 9 10 11 12 | 12.7
Fire Magic     | 4 5 6 7 9 10 11 12 | 12.7
Ice Magic      | 4 5 6 7 9 10 11 12 | 12.7
Air Magic      | 4 5 6 7 9 10 11 12 | 12.7
Earth Magic    | 4 5 6 7 9 10 11 12 | 12.7
Alchemy        | 4 5 6 7 9 10 11 12 | 12.7
Invocations    | 10 11 12 | 12.5
Stealth        | 4 |  4.9
Dodging        | 5 6 |  6.0
Shields        | 2 3 |  3.9

Action                     |  1- 3 |  4- 6 |  7- 9 | 10-12 | 13-15 || total
---------------------------+-------+-------+-------+-------+-------++-------
   Cast: Sandblast         |    53 |    58 |    36 |    14 |       ||   161
         Stone Arrow       |       |    14 |    93 |   225 |   245 ||   577
         Momentum Strike   |       |     2 |       |       |       ||     2
         Brom's Barrelling |       |       |     1 |     4 |     2 ||     7
         Summon Ice Beast  |       |       |     2 |     1 |       ||     3
         Petrify           |       |       |       |     4 |     2 ||     6
         Summon Small Mamm |       |       |       |     1 |     1 ||     2
         Summon Forest     |       |       |       |       |     6 ||     6
 Invoke: Minor Destruction |       |       |       |     3 |    18 ||    21
         Lesser Servant of |       |       |       |       |     3 ||     3
    Use: Scroll            |       |     8 |    10 |     1 |     2 ||    21
         Potion            |       |       |     1 |     1 |     1 ||     3
 Armour: Robe              |    10 |    15 |     6 |       |       ||    31
         Ring mail         |       |       |    21 |    34 |       ||    55
         Troll leather arm |       |       |       |    81 |   140 ||   221
  Dodge: Dodged            |    20 |    16 |    14 |    56 |    71 ||   177
  Block: Buckler           |       |       |       |       |    61 ||    61
         Reflection        |       |       |       |       |     4 ||     4
